 Dungeon Crawl Stone Soup version 0.22-a0-412-g2b68d144a4 (webtiles) character file.

1710 Kriby the Ruffian (level 8, -7/72 HPs)
             Began as a Troll Monk on May 12, 2018.
             Was a Priest of Hepliaklqana.
             Mangled by a two-headed ogre
             ... wielding a +0 giant club
              (29 damage)
             ... on level 8 of the Dungeon.
             The game lasted 00:05:41 (5750 turns).

Kriby the Ruffian (Troll Monk)                      Turns: 5750, Time: 00:05:42

Health: -7/72      AC:  7    Str: 22      XL:     8   Next: 74%
Magic:  7/7        EV: 11    Int:  6      God:    Hepliaklqana [***...]
Gold:   298        SH:  0    Dex:  9 (12) Spells: 7/7 levels left

rFire    . . .     SeeInvis .     - Unarmed
rCold    . . .     Gourm    +   (no shield)
rNeg     . . .     Faith    .   a - +0 robe
rPois    .         Spirit   .   (helmet restricted)
rElec    .         Reflect  .   g - +1 cloak
rCorr    .         Harm     .   (gloves unavailable)
MR       .....                  (boots unavailable)
Stlth    ++........             (no amulet)
HPRegen  0.62/turn              (no ring)
MPRegen  0.10/turn              (no ring)

@: no status effects
A: large, unfitting armour, reduced essence, claws 3, fast metabolism 3,
gourmand, regeneration 1, shaggy fur 1, tough skin 2
a: Recall Ancestor, Ancestor Identity, Transference, Renounce Religion


You were on level 8 of the Dungeon.
You worshipped Hepliaklqana.
Hepliaklqana was most pleased with you.
You were very full.

You visited 2 branches of the dungeon, and saw 10 of its levels.

You collected 298 gold pieces.

Inventory:

Armour
 a - a +0 robe (worn)
 g - a +1 cloak (worn)
Jewellery
 l - a cursed ring of loudness {unknown}
 t - an uncursed amulet of regeneration {unknown}
 B - an uncursed ring of resist corrosion {unknown}
Wands
 w - a wand of random effects (21)
 y - a wand of flame (40)
 C - a wand of enslavement (6)
 E - a wand of polymorph (13)
Scrolls
 e - 16 scrolls of identify {unknown}
 k - a scroll of magic mapping
 m - 2 scrolls of enchant weapon
 o - 2 scrolls of remove curse
 p - a scroll of immolation
 z - 2 scrolls of enchant armour
Potions
 c - a potion of haste
 d - 2 potions of flight
 f - 2 potions of heal wounds {unknown}
 i - a potion of curing
 j - a potion of ambrosia {unknown}
 n - 3 potions of might {unknown}
 s - 3 potions of agility {unknown}
 x - a potion of invisibility {unknown}
 A - a potion of mutation {unknown}
 G - 2 potions of brilliance {unknown}
Comestibles
 b - 18 rations


   Skills:
 + Level 5.2 Fighting
 + Level 5.2 Dodging
 + Level 3.6 Stealth
 + Level 6.3 Unarmed Combat


You had 7 spell levels left.
You didn't know any spells.
Your spell library was empty.

Dungeon Overview and Level Annotations

Branches:
Dungeon (9/15)             Temple (1/1) D:4
   Lair: D:8-11         Orc: D:9-12

Altars:
Ashenzari
Cheibriados
Dithmenos
Elyvilon
Gozag
Hepliaklqana
Kikubaaqudgha
Makhleb
Okawaru
Qazlal
Ru
Sif Muna
Trog
Uskayaw
Vehumet
Yredelemnul
Zin
The Shining One

Shops:
D:5 }

Annotations:
D:9 Kriby's ghost, novice TrMo


Innate Abilities, Weirdness & Mutations

You are too large for most types of armour.
You have claws for hands.
Your metabolism is lightning-fast.
You like to eat raw meat.
Your natural rate of healing is unusually fast.
You are covered in fur. (AC +1)
You have very tough skin. (AC +2)
Your life essence is reduced to manifest your ancestor. (-10% HP)


Message History

Aiming: Random Effects
Press: ? - help, Shift-Dir - straight line, f/p - two-headed ogre
Aim: a two-headed ogre, wielding two giant clubs (lightly wounded)
The fireball explodes!
The fireball engulfs the two-headed ogre.
The two-headed ogre is lightly wounded.
The fireball engulfs you!
The two-headed ogre hits you with a giant club!!
The two-headed ogre hits you with a giant club!
The orc shouts!
All of the chunks of flesh in your inventory have rotted away.
There is a stone staircase leading up here.
The adder hisses angrily.
You miss the adder. The two-headed ogre barely misses you.
The two-headed ogre hits you with a giant club!
The adder bites you but does no damage.
You miss the adder. The adder bites you but does no damage.
The two-headed ogre hits you with a giant club!
The two-headed ogre hits you with a giant club!!
You die...

**,*,*,,***#.#* #.##(#
**,*,*c..* #.* #.##)#
**,*,*#..##*.## #.##(#
**,*,,,....,..# #.##.#
**,*,*##..##..# #.##.#
##+#,*,.......# #.##.#
....,,,,......# #o##.#
....#####...#.###O##.#
a...'(...(.....S@.##.#
....####R......#####.#
....* #...>...+,,,..#
####* #.......#******
#.......# #########


You could see a two-headed ogre, an adder and an orc.

Vanquished Creatures
  A troll (D:8)
  Edmund (D:6)
  2 sky beasts
  A big kobold (D:8)
  2 bullfrogs (D:6)
  A water moccasin skeleton (D:2)
  2 howler monkeys (D:4)
  A centaur zombie (D:5)
  2 crimson imps (D:5)
  A quasit (D:6)
  2 hounds
  A jelly (D:5)
  A bullfrog zombie (D:5)
  Crazy Yiuf (D:2)
  4 orc wizards
  An iguana (D:4)
  2 worker ants
  2 adders (D:3)
  An adder zombie (D:5)
  3 adder skeletons
  8 worms
  A dart slug (D:3)
  4 leopard geckos
  9 orcs
  3 giant cockroaches
  10 goblins
  9 hobgoblins
  3 jackals (D:3)
  2 quokkas
  8 bats
  5 frilled lizards
  8 kobolds
  4 rats (D:1)
  A fungus (D:2)
107 creatures vanquished.

Vanquished Creatures (collateral kills)
  A sky beast (D:5)
  An ogre (D:6)
  2 orc wizards (D:5)
  A worker ant (D:5)
  An adder zombie (D:6)
  10 orcs
  A giant cockroach (D:6)
  2 quokkas (D:6)
19 creatures vanquished.

Vanquished Creatures (others)
  2 knights (D:8)
2 creatures vanquished.

Grand Total: 128 creatures vanquished

Notes
Turn   | Place    | Note
-------+----------+-------------------------------------------
     0 | D:1      | Kriby the Troll Monk began the quest for the Orb.
     0 | D:1      | Reached XP level 1. HP: 22/22 MP: 0/0
   176 | D:1      | Reached XP level 2. HP: 29/29 MP: 1/1
   508 | D:2      | Reached XP level 3. HP: 31/36 MP: 2/2
   672 | D:2      | Found a sacrificial altar of Ru.
   884 | D:2      | Reached XP level 4. HP: 28/44 MP: 3/3
  1502 | D:2      | Found a runed door.
  1506 | D:2      | Noticed Crazy Yiuf
  1510 | D:2      | Killed Crazy Yiuf
  1672 | D:3      | Reached XP level 5. HP: 53/53 MP: 4/4
  1766 | D:3      | Found an iron altar of Okawaru.
  2469 | D:4      | Reached skill level 4 in Unarmed Combat
  2610 | D:4      | Found a staircase to the Ecumenical Temple.
  2694 | Temple   | Entered the Ecumenical Temple
  2847 | Temple   | Became a worshipper of Hepliaklqana the Forgotten
  2847 | Temple   | Reached * piety under Hepliaklqana
  2847 | Temple   | Reached ** piety under Hepliaklqana
  2848 | Temple   | Remembered your ancestor Appia as a knight
  3074 | D:4      | Reached XP level 6. HP: 54/54 MP: 5/5
  3559 | D:4      | Found a stormy altar of Qazlal.
  3633 | D:5      | Entered Level 5 of the Dungeon
  3712 | D:5      | Reached XP level 7. HP: 51/61 MP: 6/6
  3737 | D:5      | Found Meg Ucuf's Gadget Shop.
  3878 | D:5      | Found a deep blue altar of Sif Muna.
  3885 | D:5      | Reached skill level 5 in Unarmed Combat
  3970 | D:5      | Found a shattered altar of Ashenzari.
  3973 | D:5      | Found a bloodstained altar of Trog.
  4396 | D:6      | Found an opulent altar of Gozag.
  4442 | D:6      | Found a radiant altar of Vehumet.
  4567 | D:6      | Reached *** piety under Hepliaklqana
  4847 | D:6      | Reached XP level 8. HP: 45/71 MP: 7/7
  5367 | D:6      | Noticed Edmund
  5379 | D:6      | Killed Edmund
  5535 | D:7      | You fall through a shaft for 2 floors!
  5535 | D:9      | Found a hide-covered altar of Uskayaw.
  5535 | D:9      | Noticed a hand axe
  5535 | D:9      | Noticed a hand axe
  5535 | D:9      | Noticed Kriby's ghost (novice TrMo)
  5561 | D:8      | Noticed a troll
  5576 | D:8      | Killed a troll
  5576 | D:8      | Reached skill level 5 in Fighting
  5576 | D:8      | Reached skill level 5 in Dodging
  5576 | D:8      | Reached skill level 6 in Unarmed Combat
  5579 | D:8      | HP: 3/72 [big kobold/dagger (5)]
  5708 | D:8      | Found a basalt altar of Yredelemnul.
  5719 | D:8      | Noticed a two-headed ogre
  5750 | D:8      | Mangled by a two-headed ogre

Vault maps used:
D:1:      evilmike_arrival_run_for_it
D:2:      kennysheep_the_goblin_king, nicolae_ru_sacrificial_ziggurat,
          uniq_crazy_yiuf_cottage
D:3:      first_ration, bh_chokoban, lemuel_statue_altar
D:4:      lemuel_coloured_pillars_altar, minmay_temple_entry_hall
D:5:      minmay_overflow_temple_star_quad, serial_shops,
          nicolae_shop_temple_entry_statues_fountains, kennysheep_windowed_goal
D:6:      nicolae_gozag_seed_capital, vehumet_altar_wand_db, uniq_edmund
D:7:      grunt_livestock
D:8:      kennysheep_little_box, lemuel_round_altar
D:9:      nicolae_overflow_crystal_walls, dancing_weapons_uskayaw,
          amethyst_killhole
Temple:   minmay_temple_curvy_loop

Skill      XL: |  1  2  3  4  5  6  7  8 |
---------------+-------------------------+-----
Dodging        | 3 4 5 |  5.2
Fighting       | 3 4 5 |  5.2
Stealth        | 2 3 |  3.6
Unarmed Combat | 4 5 6 |  6.3

Action                   |  1- 3 |  4- 6 |  7- 9 || total
-------------------------+-------+-------+-------++-------
Melee: Unarmed           |    90 |   146 |   133 ||   369
       Punch             |       |     5 |     3 ||     8
Invok: Ancestor Life: Kn |       |     1 |       ||     1
       Recall Ancestor   |       |       |     2 ||     2
Evoke: Wand              |       |       |     9 ||     9
  Use: Scroll            |       |       |    10 ||    10
       Potion            |       |       |     8 ||     8
 Stab: Sleeping          |     3 |     3 |     2 ||     8
       Distracted        |       |     1 |     1 ||     2
  Eat: Chunk             |    14 |    20 |    22 ||    56
Armor: Robe              |    45 |    37 |    54 ||   136
Dodge: Dodged            |    58 |    79 |    78 ||   215

Table legend:
 A = Spawn XP
 B = Non-spawn XP
 C = Spawn XP percentage of total XP
 D = Spawn monster count
 E = Non-spawn monster count
 F = Spawn count percentage of total count
 G = Total turns spent on level
                    A         B        C        D         E        F      G
               +---------+---------+-------+---------+---------+-------+---------
         Total |       0 |    2444 |   0.0 |       0 |     125 |   0.0 |  5750
               +---------+---------+-------+---------+---------+-------+---------
           D:1 |       0 |      30 |   0.0 |       0 |      18 |   0.0 |   423
           D:2 |       0 |     156 |   0.0 |       0 |      21 |   0.0 |  1181
           D:3 |       0 |      62 |   0.0 |       0 |      19 |   0.0 |   849
           D:4 |       0 |     260 |   0.0 |       0 |      12 |   0.0 |  1002
           D:5 |       0 |     794 |   0.0 |       0 |      28 |   0.0 |   691
           D:6 |       0 |     573 |   0.0 |       0 |      16 |   0.0 |  1174
           D:7 |       0 |      34 |   0.0 |       0 |       1 |   0.0 |    37
           D:8 |       0 |     535 |   0.0 |       0 |      10 |   0.0 |   210
               +---------+---------+-------+---------+---------+-------+---------
